 Dungeon Crawl Stone Soup version 0.31.0-12-g77e489cdc1 (webtiles) character file.

Game seed: 2907922967157156353

15449 masse the Unseen (level 12, 0/94 HPs)
             Began as a Vampire Brigand on Mar 1, 2024.
             Was a Believer of Dithmenos.
             Killed from afar by a gargoyle (22 damage)
             ... with a stone arrow
             ... on level 11 of the Dungeon.
             The game lasted 01:41:40 (10893 turns).

masse the Unseen (Vampire Brigand)                 Turns: 10893, Time: 01:41:40

Health: 0/94       AC:  7    Str: 12    XL:     12   Next: 1%
Magic:  12/12      EV: 18    Int: 14    God:    Dithmenos [**....]
Gold:   603        SH:  7    Dex: 20    Spells: 10/11 levels left

rFire   . . .        l - +7 Spriggan's Knife {stab, EV+4 Stlth+}
rCold   + . .        h - +2 buckler {AC+3}
rNeg    . . .        x - +2 scale mail {rF+}
rPois   .            j - +0 helmet
rElec   .            c - +0 cloak
rCorr   .            E - +0 pair of gloves
SInv    +            (no boots)
Will    +....        (no amulet)
Stlth   +++++++++    i - ring of ice
HPRegen 0.55/turn    o - +2 ring of strength
MPRegen 0.13/turn

%: no passive effects
@: corroded, healing quickly, wreathed by umbra, studying Stealth
A: alive, fangs 3, see invisible, vampiric 2
a: Exsanguinate, Renounce Religion, Shadow Step


You were on level 11 of the Dungeon.
You worshipped Dithmenos.
Dithmenos was pleased with you.
You visited 2 branches of the dungeon, and saw 12 of its levels.

You collected 639 gold pieces.
You spent 36 gold pieces at shops.

Inventory:

Hand Weapons
 l - the +7 Spriggan's Knife (weapon) {stab, EV+4 Stlth+}
   (You acquired it on level 4 of the Dungeon)

   Stab:      It is more effective when stabbing unaware enemies, sometimes
   treating them as though they were completely helpless.
   EV+4:      It affects your evasion (+4).
   Stlth+:    It makes you more stealthy.
 t - the +8 hand axe "Spiderslayer" {protect, rElec MP+9 Str+5}
   (You found it on level 9 of the Dungeon)

   Str+5:     It affects your strength (+5).
   rElec:     It insulates you from electricity.
   MP+9:      It affects your magic capacity (+9).
 P - the +1 dagger "Boofujin" {spect, +Blink rPois Dex-3}
   (You found it on level 7 of the Dungeon)

   Dex-3:     It affects your dexterity (-3).
   rPois:     It protects you from poison +Blink: It lets you blink.
Missiles
 d - 36 poisoned darts (quivered)
 m - a throwing net
Armour
 c - a +0 cloak (worn)
 h - a +2 buckler of protection (worn)
 j - a +0 helmet (worn)
 x - a +2 scale mail of fire resistance (worn)
 E - a +0 pair of gloves (worn)
Jewellery
 f - a ring of flight
 i - a ring of ice (left hand)
 o - a +2 ring of strength (right hand)
Talismans
 B - a maw talisman
Wands
 k - a wand of roots (5)
 w - a wand of paralysis (9)
 F - a wand of flame (17)
 G - a wand of polymorph (7)
 T - a wand of digging (2)
 V - a wand of quicksilver (12)
Scrolls
 e - a scroll of enchant armour
 g - 2 scrolls of teleportation
 n - 3 scrolls of identify
 q - 3 scrolls of revelation
 r - 3 scrolls of fog
 J - a scroll of immolation
 N - a scroll of enchant weapon
 R - 2 scrolls of blinking
 S - a scroll of fear
Potions
 a - a potion of ambrosia {unknown}
 b - a potion of attraction {unknown}
 s - 2 potions of invisibility {unknown}
 z - a potion of brilliance {unknown}
 D - a potion of curing
 K - 2 potions of might {unknown}
 Q - 3 potions of degeneration {unknown}
 X - 2 potions of lignification {unknown}
 Y - a potion of resistance {unknown}


   Skills:
 + Level 8.9 Fighting
 + Level 9.9(10.2) Short Blades
 - Level 3.0(6.5) Long Blades
 - Level 4.8 Throwing
 - Level 4.5 Armour
 + Level 10.1 Dodging
 + Level 18.1 Stealth


You had 10 spell levels left.
You knew the following spells:

 Your Spells              Type           Power      Damage    Failure   Level
a - Magic Dart            Conj           0%         1d3       89%         1

Your spell library contained the following spells:

 Spells                   Type           Power      Damage    Failure   Level
 Shock                    Conj/Air       0%         1d3       89%         1
 Summon Small Mammal      Summ           0%         N/A       89%         1
 Blink                    Tloc           0%         N/A       96%         2
 Call Imp                 Summ           0%         N/A       96%         2
 Static Discharge         Conj/Air       0%         3-3/arc   96%         2
 Sublimation of Blood     Necr           0%         N/A       96%         2
 Call Canine Familiar     Summ           0%         N/A       99%         3
 Stone Arrow              Conj/Erth      0%         3d7       99%         3
 Swiftness                Air            0%         N/A       99%         3
 Tukima's Dance           Hex            0%         N/A       99%         3
 Airstrike                Air            0%         2d(0-16)  100%        4
 Animate Armour           Summ/Erth      0%         N/A       100%        4
 Brom's Barrelling Bould  Conj/Erth      0%         2d3       100%        4
 Dimensional Bullseye     Hex/Tloc       0%         N/A       100%        4
 Iskenderun's Mystic Bla  Conj/Tloc      0%         2d3       100%        4
 Petrify                  Alch/Erth      0%         N/A       100%        4
 Summon Blazeheart Golem  Fire/Summ      0%         N/A       100%        4
 Summon Lightning Spire   Summ/Air       0%         N/A       100%        4
 Fireball                 Conj/Fire      0%         3d3       100%        5
 Irradiate                Conj/Alch      0%         3d11      100%        5
 Iskenderun's Battlesphe  Conj           0%         2d6       100%        5
 Lee's Rapid Deconstruct  Erth           0%         3d4*      100%        5
 Summon Mana Viper        Hex/Summ       0%         N/A       100%        5
 Lehudib's Crystal Spear  Conj/Erth      0%         10d2      100%        8


Dungeon Overview and Level Annotations

Branches:
Dungeon (11/15)            Temple (1/1) D:6
   Lair: D:8-11         Orc: D:9-12

Altars:
Ashenzari
Cheibriados
Dithmenos
Fedhas
Gozag
Hepliaklqana
Kikubaaqudgha
Makhleb
Nemelex Xobeh
Okawaru
Qazlal
Ru
Sif Muna
Trog
Uskayaw
Vehumet
Wu Jian
Xom
Yredelemnul

Shops:
D:1 =   D:7 [


Innate Abilities, Weirdness & Mutations

Your natural rate of healing is accelerated.
You have razor-sharp teeth.
You have supernaturally acute eyesight. (SInv)
You are afflicted with vampirism and can become a bat while bloodless.


Message History

You hit the komodo dragon but do no damage.
You block the acid dragon's attack. x2
You hit the komodo dragon but do no damage.
The komodo dragon misses you.
You hit the komodo dragon.
You bite the komodo dragon, but do no damage.
The komodo dragon is lightly wounded.
The acid dragon bites you. The acid dragon completely misses you.
The komodo dragon closely misses you. The acid dragon spits acid at you.
The splash of acid hits you!! The acid corrodes you!
The komodo dragon closely misses you.
A scorpion comes into view.
The komodo dragon completely misses you.
The gargoyle hurls a stone arrow at you.
The stone arrow hits you!!
* * * LOW HITPOINT WARNING * * *
You see here 14 gold pieces.
The komodo dragon attacks as it pursues you!
You block the komodo dragon's attack. You block the komodo dragon's attack.
The acid dragon spits acid at you. The splash of acid hits you!!
* * * LOW HITPOINT WARNING * * *
The komodo dragon attacks as it pursues you!
The komodo dragon closely misses you.
You feel better. The komodo dragon barely misses you.
The acid dragon barely misses you. The acid dragon misses you.
A manticore comes into view.
The komodo dragon attacks as it pursues you!
You block the komodo dragon's attack.
The acid dragon attacks as it pursues you!
The acid dragon barely misses you. The acid dragon closely misses you.
The komodo dragon attacks as it pursues you!
The komodo dragon bites you but does no damage.
The gargoyle hurls a stone arrow at you.
The stone arrow misses you.
The gargoyle hurls a stone arrow at you.
The stone arrow hits you!!
You die...

#...[...>.......
#..........######
#...............#
#......###.......# ....
#......# #.......####......
#.........#.#######H.......
#.........#††..............#
......#..##...............#
.. #.. +..@l.......#.... .
..# #...D.......#...!. ##
#...9.............
#####..s......P...P
#........$...PP.P.P
#..........PPP.....
#...........P...PP
#..........P..####
#..........."P#


You could see a manticore, a komodo dragon, an acid dragon, a gargoyle and a
scorpion.

Vanquished Creatures
  A hydra (D:9)
  2 centaur warriors (D:9)
  A boulder beetle (D:9)
  3 two-headed ogres
  Pikel (D:6)
  A deep elf pyromancer (D:9)
  A cyclops (D:9)
  An unseen horror (D:10)
  A troll (D:9)
  A hornet (D:8)
  Prince Ribbit (D:8)
  A slime creature (D:8)
  Sigmund (D:4)
  A shadow (D:11)
  A wraith (D:9)
  A wyvern (D:9)
  Eustachio (D:4)
  27 yaks
  Menkaure (D:6)
  3 acid dragons
  A water moccasin (D:8)
  Duvessa (D:7)
  A black bear (D:11)
  A sky beast (D:8)
  An ice beast (D:5)
  An ogre (D:6)
  3 centaurs (D:8)
  3 lemures (D:6)
  3 phantoms
  3 kobold brigands
  6 bullfrogs
  A gnoll sergeant (D:9)
  4 scorpions
  9 wights
  Dowan (D:7)
  8 killer bees
  2 howler monkeys (D:9)
  4 bombardier beetles
  3 gnoll boudas
  4 hounds
  Crazy Yiuf (D:4)
  5 jellies
  3 orc priests
  4 iguanas
  5 orc wizards
  20 gnolls
  5 adders
  2 shadow imps (D:7)
  A white imp (D:6)
  2 ufetubi (D:6)
  4 ribbon worms
  2 dart slugs
  27 orcs
  7 ball pythons
  7 endoplasms
  4 giant cockroaches
  7 goblins
  3 hobgoblins
  2 jackals (D:1)
  3 quokkas
  8 bats
  A frilled lizard (D:3)
  14 kobolds
  3 rats (D:2)
251 creatures vanquished.

Notes
Turn   | Place    | Note
-------+----------+-------------------------------------------
     0 | D:1      | masse the Vampire Brigand began the quest for the Orb.
     0 | D:1      | Reached XP level 1. HP: 16/16 MP: 1/1
   217 | D:1      | Reached XP level 2. HP: 21/22 MP: 2/2
   566 | D:1      | Found Piewae's One-of-a-Kind Rings.
   576 | D:1      | Bought a +2 ring of strength for 36 gold pieces
   878 | D:2      | Gained mutation: You are afflicted with vampirism and can
                  | become a bat while bloodless. [Vampire growth]
   878 | D:2      | Reached XP level 3. HP: 25/28 MP: 3/3
   895 | D:2      | Learned a level 1 spell: Magic Dart
  2164 | D:3      | Reached XP level 4. HP: 34/34 MP: 4/4
  2538 | D:4      | Found a runed translucent door.
  2539 | D:4      | Noticed Crazy Yiuf
  2650 | D:4      | Noticed Eustachio
  2671 | D:4      | Noticed a scorpion
  2680 | D:4      | Killed a scorpion
  2681 | D:4      | Reached skill level 1 in Long Blades
  2681 | D:4      | Reached XP level 5. HP: 24/40 MP: 5/5
  2693 | D:4      | Reached skill level 1 in Armour
  2726 | D:4      | Killed Eustachio
  2727 | D:4      | Reached XP level 6. HP: 47/47 MP: 6/6
  3438 | D:4      | Reached XP level 7. HP: 45/53 MP: 7/7
  3438 | D:4      | Noticed Sigmund
  3499 | D:4      | Killed Sigmund
  3732 | D:4      | Killed Crazy Yiuf
  3776 | D:4      | Identified 2 scrolls of acquirement
  3776 | D:4      | Acquired the +7 Spriggan's Knife {stab, EV+4 Stlth+}
  3776 | D:4      | Found the +7 Spriggan's Knife {stab, EV+4 Stlth+}
  3779 | D:4      | Acquired a manual of Stealth
  3846 | D:5      | Entered Level 5 of the Dungeon
  3864 | D:5      | Reached skill level 6 in Stealth
  4174 | D:5      | Reached XP level 8. HP: 48/60 MP: 8/8
  4282 | D:5      | Reached skill level 7 in Stealth
  4986 | D:6      | Noticed Menkaure
  5004 | D:6      | Killed Menkaure
  5005 | D:6      | Reached skill level 8 in Stealth
  5231 | D:6      | Found a staircase to the Ecumenical Temple.
  5238 | D:6      | Reached skill level 5 in Dodging
  5252 | Temple   | Entered the Ecumenical Temple
  5340 | Temple   | Became a worshipper of Dithmenos the Shadowed
  5613 | D:6      | Reached skill level 9 in Stealth
  5691 | D:6      | Reached skill level 5 in Fighting
  5697 | D:6      | Reached XP level 9. HP: 38/68 MP: 9/9
  5699 | D:6      | Noticed Pikel
  5777 | D:6      | Killed Pikel
  5778 | D:6      | Reached skill level 5 in Short Blades
  5778 | D:6      | Reached skill level 10 in Stealth
  5985 | D:7      | Identified the +1 dagger "Boofujin" {spect, +Blink rPois
                  | Dex-3}
  6081 | D:7      | Noticed Duvessa
  6082 | D:7      | Found Vomnauc's Armour Emporium.
  6082 | D:7      | Noticed Dowan
  6124 | D:7      | Killed Duvessa
  6138 | D:7      | Killed Dowan
  6730 | D:7      | Found an ornate altar of the Wu Jian Council.
  6880 | D:8      | Reached skill level 11 in Stealth
  7053 | D:7      | Reached XP level 10. HP: 57/76 MP: 10/10
  7193 | D:8      | Noticed Prince Ribbit
  7223 | D:8      | Killed Prince Ribbit
  7223 | D:8      | Reached * piety under Dithmenos
  7389 | D:8      | Reached skill level 12 in Stealth
  8184 | D:9      | Noticed a centaur warrior
  8188 | D:9      | Reached skill level 13 in Stealth
  8202 | D:9      | HP: 2/77 [centaur warrior/arrow (20)]
  8375 | D:9      | Killed a centaur warrior
  8497 | D:9      | Reached skill level 14 in Stealth
  8539 | D:9      | Noticed a deep elf pyromancer
  8544 | D:9      | Noticed a centaur warrior
  8548 | D:9      | Noticed a cyclops
  8549 | D:9      | Killed a deep elf pyromancer
  8550 | D:9      | Noticed a boulder beetle
  8729 | D:9      | Killed a boulder beetle
  8730 | D:9      | Reached skill level 15 in Stealth
  8730 | D:9      | Reached XP level 11. HP: 72/84 MP: 11/11
  8751 | D:9      | Killed a centaur warrior
  8860 | D:9      | Identified the +8 hand axe "Spiderslayer" {protect, rElec
                  | MP+9 Str+5}
  8869 | D:9      | Got the Teachings on Battling and the Union
  8925 | D:9      | Noticed a six-headed hydra
  8927 | D:9      | Killed a six-headed hydra
  8955 | D:9      | Found an ancient bone altar of Kikubaaqudgha.
  9122 | D:9      | Noticed a two-headed ogre
  9139 | D:9      | Killed a two-headed ogre
  9140 | D:9      | Reached skill level 16 in Stealth
  9615 | D:9      | Reached ** piety under Dithmenos
 10032 | D:10     | Entered Level 10 of the Dungeon
 10157 | D:10     | Reached skill level 17 in Stealth
 10335 | D:10     | Found a snail-covered altar of Cheibriados.
 10438 | D:10     | Noticed a two-headed ogre
 10460 | D:10     | Killed a two-headed ogre
 10461 | D:10     | Reached skill level 10 in Dodging
 10514 | D:10     | Noticed a two-headed ogre
 10516 | D:10     | Killed a two-headed ogre
 10517 | D:10     | Reached skill level 18 in Stealth
 10852 | D:11     | Reached XP level 12. HP: 94/94 MP: 12/12
 10893 | D:11     | Killed from afar by a gargoyle

Illustrated notes

Levels and vault maps discovered:
D:1:      nzn_arrival_settlement, layout_loops_cross, nicolae_shop_unique_rings
D:2:      layout_loops_ring
D:3:      layout_loops_corners, elyvilon_altar_5, nicolae_houndstooth_variations
D:4:      layout_basic, minmay_increasing_density, uniq_sigmund,
          uniq_crazy_yiuf_cottage, uniq_eustachio
D:5:      layout_loops_ring
D:6:      layout_loops_cross, minmay_temple_entry_gardened_gates, uniq_menkaure,
          uniq_pikel
D:7:      layout_basic, lemuel_crystal_altar, serial_shops, shop, uniq_duvessa
D:8:      layout_loops_corners, uniq_prince_ribbit1
D:9:      minmay_the_grid_square_5x5_3x3 [minmay_the_grid_square_5x5_v,
          minmay_the_grid_square_5x5_forky, minmay_the_grid_square_5x5_shuriken,
          minmay_the_grid_square_5x5_three_small,
          minmay_the_grid_square_5x5_megaprize_diamond,
          minmay_the_grid_square_5x5_inverted_slash,
          minmay_the_grid_square_5x5_minivault,
          minmay_the_grid_square_5x5_half_checkered,
          minmay_the_grid_square_5x5_n], layout_stronghold,
          kiku_gazebo_garden_becter
D:10:     layout_roguey, slow_altar_2, minivault_25
D:11:     layout_basic, grunt_lair_entry_orc_guard_hut, david_orc_4
Temple:   eino_narrow_crystal_temple

Skill      XL: |  1  2  3  4  5  6  7  8  9 10 11 |
---------------+----------------------------------+-----
Fighting       | 2 3 4 5 6 7 8 |  8.9
Throwing       | 2 3 4 |  4.8
Short Blades   | 3 4 6 8 9 |  9.9
Long Blades    | 1 2 3 |  3.0
Dodging        | 2 3 4 5 6 8 10 | 10.1
Armour         | 1 2 3 4 |  4.5
Stealth        | 6 9 11 15 18 | 18.1

Action                     |  1- 3 |  4- 6 |  7- 9 | 10-12 || total
---------------------------+-------+-------+-------+-------++-------
  Melee: Dagger            |    91 |       |       |       ||    91
         Bite              |     9 |     6 |    54 |    70 ||   139
         Great sword       |    22 |    84 |     7 |       ||   113
         Knife             |       |       |   433 |   430 ||   863
         Unarmed           |       |       |     5 |       ||     5
         Punch             |       |       |    10 |     3 ||    13
  Throw: Dart              |    36 |    18 |    37 |     9 ||   100
    Use: Scroll            |       |     3 |    12 |     1 ||    16
         Potion            |       |     4 |       |     3 ||     7
   Stab: Sleeping          |     1 |     1 |     9 |    37 ||    48
         Confused          |       |       |     1 |       ||     1
         Distracted        |       |       |     1 |     2 ||     3
 Armour: Robe              |    43 |       |       |       ||    43
         Scale mail        |    20 |   102 |   192 |   166 ||   480
  Dodge: Dodged            |    63 |    70 |   233 |   255 ||   621
  Block: Buckler           |       |       |       |    43 ||    43
